 Dungeon Crawl Stone Soup version 0.17-a0-1435-geafbe2f (console) character file.

27535 utis the Cardsharp (level 13, -1/82 HPs)
             Began as a Kobold Artificer on June 23, 2015.
             Was a High Priest of Nemelex Xobeh.
             Engulfed by a cloud of thunder (83 damage)
             ... in a labyrinth on June 26, 2015.
             The game lasted 01:29:16 (28013 turns).

utis the Cardsharp (Kobold Artificer)              Turns: 28013, Time: 01:29:17

Health: -1/82      AC: 21    Str: 13    XL:     13   Next: 66%
Magic:  21/21      EV: 13    Int:  9    God:    Nemelex Xobeh [*****.]
Gold:   875        SH:  0    Dex: 18    Spells: 0 memorised, 12 levels left

rFire  . . .     SeeInvis .     a - +10 quarterstaff {vamp, rPois MR+++ Str-5 Stlth-}
rCold  . . .     Clarity  .     O - +0 chain mail
rNeg   . . .     SustAt   .     (shield restricted)
rPois  +         Gourm    .     G - +0 helmet
rElec  .         Spirit   .     r - +2 cloak
rCorr  .         Warding  .     I - +0 pair of gloves
rMut   .         Stasis   .     (no boots)
MR     +++..                    N - amulet of regeneration
Stlth  ..........               X - +5 ring of protection {=R}
                                A - +4 ring of strength

@: extremely resistant to hostile enchantments, extremely unstealthy
A: carnivore 3
a: Triple Draw, Deal Four, Stack Five, Renounce Religion


You were in a labyrinth.
You worshipped Nemelex Xobeh.
Nemelex Xobeh was extremely pleased with you.
You were very full.

You visited 3 branches of the dungeon, and saw 19 of its levels.
You also visited: Labyrinth and Sewer.

You collected 995 gold pieces.
You spent 120 gold pieces at shops.

Inventory:

Hand weapons
 a - the +10 quarterstaff of Taenann (weapon) {vamp, rPois MR+++ Str-5 Stlth-}
   (You found it on level 2 of the Lair of Beasts)

   It inflicts no extra harm, but heals its wielder somewhat when it strikes a
   living foe.
   It affects your strength (-5).
   It protects you from poison.
   It affects your resistance to hostile enchantments.
   It makes you less stealthy.
 b - a +0 hunting sling of freezing
 c - a +0 blowgun
Missiles
 F - 13 tomahawks
 H - 61 sling bullets
 K - 85 poisoned needles
 T - 18 stones (quivered)
Armour
 r - a +2 cloak (worn)
 G - a +0 helmet (worn)
 I - a +0 pair of gloves (worn)
 O - a +0 chain mail (worn)
Jewellery
 m - an uncursed ring of magical power
 p - an uncursed ring of positive energy
 t - an uncursed amulet of clarity
 A - a +4 ring of strength (left hand)
 D - an uncursed ring of protection from fire
 N - an amulet of regeneration (around neck)
 P - an uncursed ring of protection from cold
 X - a +5 ring of protection (right hand) {=R}
 Z - an uncursed ring of stealth
Magical devices
 d - a wand of enslavement (2)
 e - a wand of random effects (7)
 y - a wand of slowing (13)
 B - a wand of paralysis (3)
 C - a wand of fireball (11)
 M - a wand of disintegration (7)
 R - a wand of cold (0)
 S - a wand of flame (10)
 W - a wand of digging (12)
Scrolls
 i - a scroll of recharging
 j - 6 scrolls of identify
 k - a scroll of magic mapping
 o - 6 scrolls of teleportation {!r}
 v - 3 scrolls of fog
 w - 6 scrolls of remove curse
Potions
 g - 2 potions of cancellation
 h - 2 potions of magic
 l - a potion of heal wounds
 q - 5 potions of flight
 s - 8 potions of curing
 u - 2 potions of brilliance
 Q - 6 potions of haste
Miscellaneous
 n - a legendary deck of destruction {drawn: 7}
 x - an ornate deck of destruction
 E - a legendary deck of destruction
 J - a plain deck of defence {drawn: 2}
 L - an ornate deck of destruction
 U - a plain deck of destruction {drawn: 3}
 Y - a plain deck of escape {drawn: 1}
Comestibles
 f - a meat ration
 z - 10 beef jerkies


   Skills:
 + Level 10.3 Fighting
   Level 1.3 Short Blades
   Level 10.0(11.7) Maces & Flails
 - Level 9.6(11.1) Staves
 + Level 6.3 Armour
 + Level 10.2 Dodging
 - Level 1.5 Stealth
 + Level 11.2 Evocations


You had 12 spell levels left.
You didn't know any spells.

Dungeon Overview and Level Annotations

Branches:
Dungeon (11/15)            Temple (1/1) D:7            Lair (7/8) D:8
 Shoals (0/4) Lair:6       Spider (0/4) Lair:4          Orc (0/4) D:10
  Slime: Lair:6-8

Altars:
Ashenzari
Cheibriados
Dithmenos
Elyvilon
Fedhas
Gozag
Kikubaaqudgha
Makhleb
Nemelex Xobeh
Okawaru
Qazlal
Ru
Sif Muna
Trog
Vehumet
Xom
Yredelemnul
Zin
The Shining One

Shops:
D:4 ?}[[   D:5 }


Innate Abilities, Weirdness & Mutations

You are small and have problems with some larger weapons.
You are carnivorous and can eat meat at any time.


Message History

The minotaur evaporates and reforms as an entropy weaver!
The entropy weaver twists and deforms.
The entropy weaver begins to chant a word of entropy!
Unknown command.
Evoke which item? (* to show all) (? for menu, Esc to quit)
You draw a card...
It is the Storm.
A mighty gale blasts forth from the card!
Your air elemental is blown away by the wind.
Your flayed ghost misses the entropy weaver.
Lightning arcs down from a storm cloud!
Really walk into that cloud of thunder? [Y]es or [N]o only, please.
Really walk into that cloud of thunder?
Okay, then.
Unknown command.
Really walk into that cloud of thunder?
You are standing in a thunderstorm.
You are struck by lightning!
Ouch! That really hurt!
You die...
Your body disappears without a glow.

▓...▓ ▓÷. ▓..▓ ▓ ▓ .▓ ▓8
▓..▓.▓ .▓.▓ . ▓=. ▓..▓.▓
▓.▓▓ ▓ . ▓8. ▓... ▓.▓.▓ .
....▓ ▓.. ▓.§▓▓▓.▓▓▓▓ .▓▓
.▓ ▓8. ▓.§§.▓...▓ .▓. . .
▓..▓▓'▓▓.§▓§▓▓▓§▓▓▓.▓▓..▓
▓ ▓
▓.....Wp.§§§...KE........
▓.▓.▓ .▓▓▓▓§▓.▓▓▓§▓▓▓▓▓.
.▓ . ... ▓.§§▓ .▓ ▓
.▓.▓.▓ ▓▓▓▓▓ .▓ ▓▓ ▓
..... .▓ .▓.▓ ▓.▓▓▓▓ .▓
▓▓ ▓.▓. ▓. .. . ▓ ▓ ▓ ▓ ▓


You could see a friendly air elemental.

Vanquished Creatures
  2 hydras
  The ghost of hexophile the Arsonist, an experienced NaFE of Vehumet (D:9)
  A deep troll (Lair:4)
  A hill giant (D:10)
  A wolf spider (Lair:4)
  2 manticores (Lair:6)
  The ghost of cireshan the Ducker, an experienced DrFE (D:6)
  An oklob plant (Lair:6)
  A cyclops (D:11)
  2 griffons
  3 black mambas (Lair:5)
  6 spiny frogs
  A gargoyle (D:11)
  4 komodo dragons
  A fire drake (Lair:5)
  A troll (D:11)
  A two-headed ogre (D:11)
  A polar bear (Lair:3)
  Grinder (D:4)
  A jumping spider (Lair:4)
  A fire bat (Lair:4)
  21 yaks
  7 hippogriffs
  A mottled dragon (D:8)
  9 wolves
  8 water moccasins
  Duvessa (D:4)
  4 ice beasts
  3 black bears
  8 porcupines
  A sky beast (D:11)
  A spider (Lair:4)
  3 killer bees (D:10)
  3 orc warriors
  10 ogres
  2 necrophages
  4 centaurs
  2 big kobolds
  A gnoll sergeant (D:9)
  9 crocodiles
  Dowan (D:4)
  24 giant frogs
  4 scorpions
  10 wights
  2 electric eels
  2 hounds (D:7)
  10 crimson imps
  3 centaur zombies
  4 orc priests
  A giant frog zombie (D:11)
  A gnoll shaman (D:8)
  3 jellies
  Jessica (D:2)
  10 iguanas
  Terence (D:2)
  10 orc wizards
  9 worker ants
  2 killer bee zombies
  25 sheep
  2 hound skeletons
  A hound zombie (D:7)
  Robin (D:4)
  8 adders
  14 gnolls
  29 river rats
  A shadow imp (D:7)
  6 oozes
  2 worms
  5 giant geckos
  45 orcs
  2 ball pythons
  A bat zombie (D:7)
  6 giant cockroaches
  19 goblins
  20 hobgoblins
  13 jackals
  25 kobolds
  5 quokkas
  21 bats
  A giant gecko skeleton (D:4)
  5 giant newts
  22 rats
  2 fungi (Lair:6)
  2 plants
513 creatures vanquished.

Vanquished Creatures (collateral kills)
  A hydra (Lair:2)
  An oklob plant (Lair:5)
  A spiny frog (Lair:5)
  A fire drake (Lair:6)
  A troll (D:9)
  A trapdoor spider (D:11)
  A yak (D:11)
  A giant frog (D:9)
  3 killer bees (D:10)
  A hound (D:9)
  3 jellies (Lair:5)
  4 river rats (Lair:5)
  10 oozes (Lair:5)
29 creatures vanquished.

Vanquished Creatures (others)
  A wizard (D:9)
  A yak (Lair:6)
  3 killer bees (D:10)
  3 fungi (Lair:5)
  A plant (Lair:4)
9 creatures vanquished.

Grand Total: 551 creatures vanquished

Notes
Turn   | Place    | Note
--------------------------------------------------------------
     0 | D:1      | utis the Kobold Artificer began the quest for the Orb.
     0 | D:1      | Reached XP level 1. HP: 12/12 MP: 3/3
   167 | D:1      | Reached XP level 2. HP: 14/17 MP: 4/4
   676 | D:1      | Reached XP level 3. HP: 18/22 MP: 5/5
  2128 | D:2      | Reached skill level 4 in Fighting
  2128 | D:2      | Reached XP level 4. HP: 29/29 MP: 6/6
  2289 | D:2      | Noticed Terence
  2356 | D:2      | Killed Terence
  2635 | D:2      | Noticed Jessica
  2651 | D:2      | Killed Jessica
  2651 | D:2      | Reached XP level 5. HP: 27/34 MP: 7/7
  2765 | D:3      | Reached skill level 5 in Fighting
  2833 | D:3      | Found a glowing drain.
  2860 | Sewer    | Entered a sewer
  3287 | Sewer    | Reached XP level 6. HP: 39/41 MP: 8/8
  3348 | Sewer    | Found a white marble altar of Elyvilon.
  3470 | D:3      | Found a stormy altar of Qazlal.
  3471 | D:3      | Found a shadowy altar of Dithmenos.
  3746 | D:3      | Found a deep blue altar of Sif Muna.
  4406 | D:4      | Noticed Grinder
  4465 | D:4      | Paralysed by Grinder for 2 turns
  4475 | D:4      | Killed Grinder
  4475 | D:4      | Reached skill level 6 in Fighting
  4475 | D:4      | Reached skill level 1 in Armour
  4475 | D:4      | Reached XP level 7. HP: 46/46 MP: 8/10
  4592 | D:4      | Reached skill level 5 in Dodging
  4604 | D:4      | Found Hocas's Gadget Boutique.
  4627 | D:4      | Found Reodig's Antique Armour Shop.
  4634 | D:4      | Noticed Robin
  4694 | D:4      | Killed Robin
  4942 | D:4      | Found Etumex's Antique Armour Emporium.
  4945 | D:4      | Bought a pair of gloves for 72 gold pieces
  5257 | D:4      | Noticed Duvessa
  5258 | D:4      | Noticed Dowan
  5300 | D:4      | Killed Duvessa
  5300 | D:4      | Reached skill level 5 in Evocations
  5300 | D:4      | Reached XP level 8. HP: 36/52 MP: 11/11
  5307 | D:4      | Killed Dowan
  5650 | D:4      | Found Gull's Magic Scroll Shoppe.
  5653 | D:4      | Bought a scroll of identify for 24 gold pieces
  5653 | D:4      | Bought a scroll of identify for 24 gold pieces
  5760 | D:5      | Entered Level 5 of the Dungeon
  6281 | D:5      | Reached skill level 7 in Fighting
  6601 | D:5      | Found Sopsopp's Gadget Shop.
  6606 | D:5      | Found an opulent altar of Gozag.
  6949 | D:5      | Found a basalt altar of Yredelemnul.
  7035 | D:5      | Reached skill level 1 in Maces & Flails
  7096 | D:5      | Reached XP level 9. HP: 41/57 MP: 13/13
  7468 | D:6      | Noticed cireshan's ghost (experienced DrFE)
  7828 | D:6      | Upgraded the game from 0.17-a0-1411-g06ff558 to 0.17-a0-1421-g95311d7
  7950 | D:6      | Killed cireshan's ghost
  8519 | D:6      | Found a bloodstained altar of Trog.
  9833 | D:7      | Reached XP level 10. HP: 62/62 MP: 13/15
 10933 | D:7      | Reached skill level 8 in Fighting
 11244 | D:7      | Found a staircase to the Ecumenical Temple.
 11250 | Temple   | Entered the Ecumenical Temple
 11310 | Temple   | Became a worshipper of Nemelex Xobeh the Trickster
 11330 | D:7      | Received a gift from Nemelex Xobeh
 12138 | D:7      | Upgraded the game from 0.17-a0-1421-g95311d7 to 0.17-a0-1430-g49fde19
 12428 | D:8      | Received a gift from Nemelex Xobeh
 13298 | D:8      | Found a burning altar of Makhleb.
 13806 | D:8      | Drew Focus: Dex increased to 18, Int decreased to 9
 14195 | D:8      | Found a staircase to the Lair.
 14317 | D:9      | Noticed hexophile's ghost (experienced NaFE)
 14357 | D:9      | Killed hexophile's ghost
 14473 | D:9      | Reached XP level 11. HP: 42/68 MP: 17/17
 15583 | D:9      | Found a bloodstained altar of Trog.
 15678 | D:9      | Noticed a wizard
 15684 | D:9      | Killed a wizard
 15756 | D:10     | Entered Level 10 of the Dungeon
 16560 | D:10     | Noticed a hill giant
 16675 | D:10     | Killed a hill giant
 16675 | D:10     | Reached skill level 9 in Evocations
 16746 | D:10     | Found a staircase to the Orcish Mines.
 17394 | D:11     | Received a gift from Nemelex Xobeh
 17427 | D:11     | Noticed a cyclops
 17446 | D:11     | Killed a cyclops
 17904 | D:11     | Reached skill level 5 in Armour
 18941 | D:11     | Received a gift from Nemelex Xobeh
 19007 | D:11     | Reached skill level 10 in Evocations
 19255 | D:11     | Noticed a red ugly thing
 19259 | D:11     | Killed a red ugly thing
 20379 | Lair:1   | Entered Level 1 of the Lair of Beasts
 20379 | Lair:1   | Received a gift from Nemelex Xobeh
 20694 | Lair:1   | Acquired Nemelex Xobeh's first power
 20793 | Lair:1   | Noticed a seven-headed hydra
 20814 | Lair:1   | Killed a seven-headed hydra
 20814 | Lair:1   | Reached XP level 12. HP: 67/76 MP: 19/19
 20865 | Lair:1   | Received a gift from Nemelex Xobeh
 21465 | Lair:2   | Received a gift from Nemelex Xobeh
 21516 | Lair:2   | Got a steaming quarterstaff
 21541 | Lair:2   | Reached skill level 10 in Maces & Flails
 21578 | Lair:2   | Identified the +10 quarterstaff of Taenann {vamp, rPois MR+++ Str-5 Stlth-} (You found it on level 2 of the Lair of Beasts)
 21645 | Lair:2   | Noticed an eight-headed hydra
 21662 | Lair:2   | Killed an eight-headed hydra
 22645 | Lair:2   | Noticed a five-headed hydra
 22654 | Lair:2   | Killed a five-headed hydra
 22702 | Lair:3   | Reached skill level 5 in Staves
 22735 | Lair:3   | Acquired Nemelex Xobeh's second power
 23509 | Lair:3   | Received a gift from Nemelex Xobeh
 24134 | Lair:4   | Received a gift from Nemelex Xobeh
 24148 | Lair:4   | Found a hole to the Spider Nest.
 24557 | Lair:4   | Upgraded the game from 0.17-a0-1430-g49fde19 to 0.17-a0-1435-geafbe2f
 24650 | Lair:4   | Reached XP level 13. HP: 68/80 MP: 21/21
 25176 | Lair:4   | Received a gift from Nemelex Xobeh
 26098 | Lair:5   | Received a gift from Nemelex Xobeh
 26269 | Lair:5   | Reached skill level 11 in Evocations
 26512 | Lair:5   | Reached skill level 10 in Fighting
 27098 | Lair:6   | Noticed Nessos
 27098 | Lair:6   | Noticed Nessos
 27098 | Lair:6   | Nessos changed into Nessos the manticore
 27112 | Lair:6   | Killed Nessos the manticore
 27112 | Lair:6   | Reached skill level 10 in Dodging
 27142 | Lair:6   | Found a staircase to the Shoals.
 27415 | Lair:6   | Acquired Nemelex Xobeh's third power
 27415 | Lair:6   | Received a gift from Nemelex Xobeh
 27549 | Lair:6   | Noticed a reaper
 27847 | Lair:7   | Found a labyrinth entrance.
 27858 | Lab      | Entered a labyrinth
 27997 | Lab      | Noticed a minotaur
 28009 | Lab      | Noticed an entropy weaver
 28009 | Lab      | a minotaur changed into an entropy weaver
 28013 | Lab      | Engulfed by a cloud of thunder

Vault maps used:
D:1:      lightli_arrival_noodles, hangedman_decor_riveting
D:2:      uniq_jessica, uniq_terence
D:3:      nicolae_overflow_hidden_temple, lemuel_doored_altar,
          portal_sewer_entry_c
D:4:      serial_shops, nicolae_shop_crystal, nicolae_shop_window_shopping,
          shop, shop, minmay_item_behind_shaft, corner_web_ring, uniq_robin,
          uniq_duvessa, uniq_grinder
D:5:      kennysheep_mini_moat, nicolae_gozag_cash_rules_everything_around_me,
          serial_shops, nicolae_shop_behind_doors, first_bread
D:6:      eino_small_chamber_without_monster, trog_butcher_becter
D:7:      minmay_temple_entry_hall, serial_bayou_lagoon_a, grunt_ogre_cave,
          wad_floor_pattern_2, minivault_5
D:8:      lightli_temple_of_fire, erik_lair_dragon
D:9:      trog_wizard
D:10:     orc_0_dummy, spider_trap
Temple:   circular_temple_13
Lair:1:   grunt_forest_small_clearing_treed, serial_bayou_shore_a,
          infiniplex_staircase_pool, lemuel_fruit_fields, lemuel_fruit_fields
Lair:3:   pond
Lair:4:   spider_nest_entry_funnel_web
Lair:5:   lemuel_slime
Lair:6:   minmay_shoals_entry_beasts, uniq_nessos
Lair:7:   lab_entry_generic, serial_bayou_crossing
Lab:      nicolae_lab_dead_adventurers, nicolae_lab_lava
Sewer:    sewer_kobolds

Action                   |  1- 3 |  4- 6 |  7- 9 | 10-12 | 13-15 || total
-------------------------+-------+-------+-------+-------+-------++-------
Melee: Short sword       |   100 |    29 |       |       |       ||   129
       Whip              |    36 |       |       |       |       ||    36
       Dagger            |       |   149 |   421 |    72 |       ||   642
       Flail             |       |       |   120 |   681 |       ||   801
       Quarterstaff      |       |       |    17 |   260 |   278 ||   555
       Morningstar       |       |       |       |   140 |       ||   140
 Fire: Hunting sling     |       |     2 |     7 |    12 |       ||    21
       Blowgun           |       |       |       |    21 |       ||    21
Throw: Stone             |    44 |    42 |    26 |   142 |     8 ||   262
       Tomahawk          |       |       |       |    17 |    20 ||    37
Evoke: Wand              |     8 |     4 |    34 |    45 |    23 ||   114
       Deck              |       |       |       |    34 |    29 ||    63
  Use: Scroll            |     6 |     5 |     4 |    16 |     3 ||    34
       Potion            |       |     2 |     2 |     3 |       ||     7
 Stab: Confused          |     1 |       |       |       |       ||     1
       Paralysed         |       |     2 |       |    26 |       ||    28
       Distracted        |       |       |       |       |     2 ||     2
       Betrayed ally     |       |       |       |       |     1 ||     1
  Eat: Chunk             |    12 |     8 |    19 |    55 |    10 ||   104
